AoeStats
← matteorz

Black Forest

505375787Analyzed
1v1 RM · 25d ago on Sep 9, 2026· 36m 54s· 2 players
Game mode
Random Map
Map size
Tiny (2 player)
Population
200
Speed
Normal
Resources
Standard
Victory
Conquest
Starting age
Dark Age
Ending age
Imperial Age
RankedLock teamsTeams togetherTeam positionsShared explorationLock speedFull tech treeHidden civsTurbo modeCheats
Victory
Defeat
🇦🇷 Burgundians · Argentina
463
+12
🇵🇪 Spanish · Peru
369
-12
Deathstar
0:26 Loom
14:50 Feudal Age
15:14 Horse Collar
15:20 Double-Bit Axe
20:48 Town Watch
25:06 Fletching
26:02 Wheelbarrow
27:44 Castle Age
30:14 Town Patrol
35:29 Hand Cart
matteorz
9:08 Double-Bit Axe
10:09 Wheelbarrow
12:33 Feudal Age
12:46 Horse Collar
13:27 Bow Saw
13:13 Gold Mining
16:25 Heavy Plow
18:04 Hand Cart
18:29 Gold Shaft Mining
20:15 Scale Mail Armor
21:48 Stone Mining
26:47 Castle Age
28:33 Two-Man Saw
28:05 Crop Rotation
28:06 Fletching
30:44 Crossbowman
34:50 Scale Barding Armor
34:42 Bodkin Arrow
34:58 Forging
35:23 Ballistics
37:43 Stone Shaft Mining
Connection lost

Rejoining the realm…

Still unreachable

The connection could not be restored.

Session expired

The server has moved on; the page needs a fresh start.